 Dungeon Crawl Stone Soup version 0.30-a0-149-g7f746667c4 (webtiles) character file.

Game seed: 9846050619592598513

21 NinjaNoafa the Changer (level 2, -1/34 HPs)
             Began as a Draconian Transmuter on Sept 26, 2022.
             Slain by Terence
             ... wielding a +0 flail
              (4 damage)
             ... on level 2 of the Dungeon.
             The game lasted 00:03:35 (1126 turns).

NinjaNoafa the Changer (Draconian Transmuter)       Turns: 1126, Time: 00:03:35

Health: -1/34      AC: 21    Str: 12    XL:     2   Next: 65%
Magic:  5/5        EV:  2    Int: 13    God:
Gold:   54         SH:  0    Dex: 11    Spells: 2/5 levels left

rFire   . . .      SeeInvis .      - Unarmed
rCold   . . .      Faith    .    (no shield)
rNeg    . . .      Spirit   .    (body armour unavailable)
rPois   +          Reflect  .    (helmet currently unavailable)
rElec   .          Harm     .    (cloak currently unavailable)
rCorr   .          Rampage  .    (gloves currently unavailable)
Will    .....      NoTele   +    (boots currently unavailable)
Stlth   +.........               (no amulet)
HPRegen 0.11/turn                (no ring)
MPRegen 0.09/turn                (no ring)

@: mighty, brilliant, tree-form
A: stationary, stasis, torment immunity, boosted hp, AC +4, unfitting armour,
(cold-blooded)
a: no special abilities


You were on level 2 of the Dungeon.
You were a tree.
You visited 1 branch of the dungeon, and saw 2 of its levels.

You collected 54 gold pieces.

Inventory:

Missiles
 j - 7 stones
Jewellery
 i - a ring of positive energy
Scrolls
 c - a scroll of teleportation
 d - a scroll of silence {unknown}
Potions
 g - 2 potions of flight


   Skills:
 - Level 1.1 Fighting
 - Level 1.7 Dodging
 - Level 3.0 Unarmed Combat
 - Level 2.0 Spellcasting
 + Level 3.3 Transmutations


You had 2 spell levels left.
You knew the following spells:

 Your Spells              Type           Power      Damage    Failure   Level
a - Beastly Appendage     Tmut           28%        N/A       7%          1
b - Wereblood             Tmut           14%        N/A       10%         2

Your spell library contained the following spells:

 Spells                   Type           Power      Damage    Failure   Level
 Spider Form              Tmut/Pois      8%         N/A       36%         3
 Ice Form                 Ice/Tmut       8%         N/A       78%         4


Dungeon Overview and Level Annotations

Branches:
Dungeon (2/15)

Altars:

Annotations:
D:2 Terence


Innate Abilities, Weirdness & Mutations

You are a tree.
Your roots penetrate the ground, keeping you stationary.
You cannot be teleported.
You are immune to unholy pain and torment.
Your maximum health is greatly increased.
Your equipment is partially melded.
((Your plain brown scales are hard. (AC +4)))
You cannot fit into any form of body armour.
((You are cold-blooded and may be slowed by cold attacks.))


Message History

You barely miss something. Something hits you.
* * * LOW HITPOINT WARNING * * *
Really quaff the potion of lignification?
Your horns disappear.
Your talons disappear.
You turn into a tree.
Your roots penetrate the ground.
Something hits you but does no damage.
It was a potion of curing.
You feel better. Something hits you but does no damage.
It was a potion of flight.
Your roots keep you in place.
Something hits you but does no damage.
It was a potion of brilliance.
You feel clever all of a sudden. Something completely misses you.
It was a potion of might.
You feel very mighty all of a sudden. Something hits you.
* * * LOW HITPOINT WARNING * * *
Casting: Beastly Appendage (safe; 7% risk of failure)
Confirm with . or Enter, or press ? or * to list all spells.
You feel a surge of power!
You are stuck in your current form!
You cannot move.
You cannot move.
You cannot move.
You cannot move.
Smack: -) Branches
Press: ? - help, Dir - move target You closely miss something.
Something hits you.
* * * LOW HITPOINT WARNING * * *
You barely miss something. You hit something but do no damage.
Something hits you.
* * * LOW HITPOINT WARNING * * *
You hit something but do no damage. Something hits you but does no damage.
You hit something. Something hits you.
* * * LOW HITPOINT WARNING * * *
As you read the scroll labelled YTWOQE LISA, it crumbles to dust.
It is a scroll of identify.
c - a scroll of teleportation Something hits you but does no damage.
You hit something. Something hits you.
You die...

########### #.........#
#.###.#######.########
#...♣...............#
#....{#####.#.#.####..
#..###.####.##.##.#####
... #................
## #.####.##.##.###.
#.# # #........ #.#
#...#####. ### #####


There were no monsters in sight!

Vanquished Creatures
  2 endoplasms
  3 giant cockroaches
  2 goblins (D:1)
  A hobgoblin (D:1)
  A kobold (D:1)
  3 quokkas (D:1)
  2 ball pythons (D:1)
  A bat (D:1)
  2 frilled lizards (D:1)
  2 rats (D:1)
19 creatures vanquished.

Notes
Turn   | Place    | Note
-------+----------+-------------------------------------------
     0 | D:1      | NinjaNoafa the Draconian Transmuter began the quest for the
                  | Orb.
     0 | D:1      | Reached XP level 1. HP: 16/16 MP: 3/3
   431 | D:1      | Reached XP level 2. HP: 18/23 MP: 3/5
   646 | D:1      | Learned a level 2 spell: Wereblood
  1107 | D:2      | Noticed Terence
  1126 | D:2      | Slain by Terence

Illustrated notes

Levels and vault maps discovered:
D:1:      lemuel_arrival_broad_hall, layout_basic, serial_bayou_crossing
D:2:      layout_loops_ring, uniq_terence, uniq_sigmund, uniq_jessica,
          uniq_crazy_yiuf_cottage

Skill      XL: |  1  2 |
---------------+-------+-----
Transmutations | 3 |  3.3
Fighting       | |  1.1
Dodging        | |  1.7
Unarmed Combat | |  3.0
Spellcasting   | |  2.0

Action                   || total
-------------------------++-------
Melee: Unarmed           ||    66
       Kick              ||    12
       Tailslap          ||     3
       Headbutt          ||     3
 Cast: Beastly Appendage ||    19
 Abil: End Transformatio ||     2
  Use: Potion            ||     5
       Scroll            ||     1
Armor: Skin              ||    26
Dodge: Dodged            ||    40

Table legend: (Time is in decaauts)
 A = Elapsed time spent in this place.
 B = Non-inter-level travel time spent in this place.
 C = Inter-level travel time spent in this place.
 D = Time resting spent in this place.
 E = Time spent auto-exploring this place.
 F = Levels seen in this place.
 G = Mean time per level.
                   A        B        C        D        E       F      G
               +--------+--------+--------+--------+--------+-----+--------+
         Total |   1126 |   1107 |     19 |      0 |    914 |   2 |  563.0 |
       Dungeon |   1126 |   1107 |     19 |      0 |    914 |   2 |  563.0 |
               +--------+--------+--------+--------+--------+-----+--------+

Top non-repeatable levels by time:
     D:1: 998 daAuts
     D:2: 127 daAuts
